 Dungeon Crawl Stone Soup version 0.31.0-1-g2c135a008e (webtiles) character file.

Game seed: 2357265101568820935

59 qw the Shooter (level 4, -9/34 HPs)
             Began as a Djinni Hunter on Jan 23, 2024.
             Mangled by a gnoll
             ... wielding a +1 halberd of protection
              (14 damage)
             ... on level 3 of the Dungeon.
             The game lasted 00:00:05 (2010 turns).

qw the Shooter (Djinni Hunter)                      Turns: 2010, Time: 00:00:06

Health: -9/34      AC:  5    Str: 16    XL:     4   Next: 22%
Gold:   64         EV: 11    Int: 10    God:
                   SH:  0    Dex: 19

rFire   + + .        a - +0 shortbow
rCold   x . .        (shield currently unavailable)
rNeg    . . .        i - +0 ring mail
rPois   inf          (no helmet)
rElec   .            (no cloak)
rCorr   .            (no gloves)
SInv    .            (boots unavailable)
Will    .....        (no amulet)
Stlth   +            c - +6 ring of strength
HPRegen 0.25/turn    (no ring)
MPRegen 0.00/turn

%: infuse magic (-10 HP)
@: flying
A: sickness immunity, fire resistance 2, cold vulnerability 1, float, innate
caster, HP casting, extra vitality 1
a: no special abilities


You were on level 3 of the Dungeon.
You visited 1 branch of the dungeon, and saw 3 of its levels.

You collected 120 gold pieces.
You spent 56 gold pieces at shops.


Innate Abilities, Weirdness & Mutations

You are immune to sickness and miasma.
You are immune to poison.
Your flesh is very heat resistant. (rF++)
You are vulnerable to cold. (rC-)
You float through the air rather than walking.
You learn spells naturally, not from books.
Your magical power is your life essence.
You have superior vitality. (+4 MHP)


   Skills:
 + Level 2.9 Fighting
 - Level 4.0 Ranged Weapons
 - Level 1.0 Armour
 - Level 2.1 Dodging
 - Level 0.7 Stealth


You knew the following spells:

 Your Spells              Type           Power      Damage    Failure   Level
a - Magic Dart            Conj           0%         1d3       58%         1
Your spell library was empty.

Inventory:

Hand Weapons
 a - a +0 shortbow (weapon)
Armour
 e - the +5 robe of Misfortune {Harm *Corrode *Slow EV+5}
   (You found it on level 2 of the Dungeon)

   EV+5:      It affects your evasion (+5).
   *Corrode:  It may corrode you when you take damage.
   *Slow:     It may slow you when you take damage.
   Harm:      It increases damage dealt and taken.
 i - a +0 ring mail (worn)
Jewellery
 c - a +6 ring of strength (left hand)
Scrolls
 h - a scroll of teleportation
Potions
 b - a potion of might
 d - a potion of heal wounds {unknown}
 f - 2 potions of curing
 g - a potion of ambrosia {unknown}
 j - a potion of haste {unknown}
 k - a potion of mutation {unknown}

Dungeon Overview and Level Annotations

Branches:
Dungeon (3/15)

Altars:
Ashenzari

Shops:
D:1 *

Annotations:
D:3 Grinder


Message History

There is a stone staircase leading up here.
Waypoint 2 assigned to D:3.
A bat comes into view.
Found 5 gold pieces.
You shoot an arrow. The arrow hits the bat.
The bat is moderately wounded.
The bat closely misses you.
You shoot an arrow. The arrow hits the bat.
You kill the bat!
A gnoll comes into view.
It is wielding a +1 halberd of protection.
You see here 5 gold pieces.
You shoot an arrow.
The arrow hits the gnoll but does no damage.
The gnoll shouts!
An orc comes into view. It is wielding a +0 club.
You shoot an arrow. The orc shouts!
The arrow hits the gnoll.
The gnoll is moderately wounded.
A gnoll comes into view. It is wielding a +0 club.
Grinder comes into view.
2003 ||| RETREEEEATING.
2004 ||| RETREEEEATING.
You shoot an arrow. The arrow barely misses the gnoll.
You shoot an arrow.
The arrow hits the gnoll but does no damage.
The gnoll is moderately wounded.
You shoot an arrow. The arrow completely misses the gnoll.
The gnoll hits you from afar with a +1 halberd of protection!
The gnoll hits you from afar with a +1 halberd of protection.
You shoot an arrow. The arrow hits the orc!
The orc is almost dead.
The gnoll closely misses you. The orc closely misses you.
You shoot an arrow. The arrow hits the orc.
You kill the orc!
The gnoll hits you from afar with a +1 halberd of protection!
You shoot an arrow. The arrow closely misses the gnoll.
The gnoll hits you from afar with a +1 halberd of protection.
The gnoll hits you from afar with a +1 halberd of protection!
You die...

#+##
###+####..##
...........###
........@#...#
.......).###.#
.......g.#
#.##
..^......#
#.<#
.........#
#..#
.........#
#..#
.........#
#...
.........#
##...
g........#
#.#.#


You could see a gnoll.

Vanquished Creatures
  A dart slug (D:2)
  An orc (D:3)
  3 endoplasms (D:2)
  3 giant cockroaches
  4 goblins
  5 hobgoblins
  4 jackals (D:1)
  5 kobolds
  2 quokkas
  9 ball pythons
  4 bats
  4 frilled lizards
  4 rats
49 creatures vanquished.

Notes
Turn   | Place    | Note
-------+----------+-------------------------------------------
     0 | D:1      | qw the Djinni Hunter began the quest for the Orb.
     0 | D:1      | Reached XP level 1. HP: 18/18 MP: 0/0
     0 | D:1      | 0 ||| qw: Version: 0.3-a-136-gdd3b4e8
     0 | D:1      | 0 ||| qw: Game counter: 1112
     0 | D:1      | 0 ||| qw: Melee chars always use a shield: true
     0 | D:1      | 0 ||| qw: God list: Okawaru
     0 | D:1      | 0 ||| qw: Allow faded altars: false
     0 | D:1      | 0 ||| qw: Do Orc after clearing Dungeon:15 true
     0 | D:1      | 0 ||| qw: Do second Lair branch before Depths: true
     0 | D:1      | 0 ||| qw: Lair rune preference: random
     0 | D:1      | 0 ||| qw: Goals: Normal
     0 | D:1      | 0 ||| PLANNING D:1-11
   143 | D:1      | Reached XP level 2. HP: 22/23 MP: 0/0
   255 | D:1      | You are sucked into a shaft and drop 1 floor!
   256 | D:2      | 256 ||| READING scroll labelled KUIFEUF ULOA.
   258 | D:2      | Found the +5 robe of Misfortune {Harm *Corrode *Slow EV+5}
   261 | D:2      | Reached XP level 3. HP: 25/28 MP: 0/0
   261 | D:2      | Learned a level 1 spell: Magic Dart
   263 | D:2      | Reached skill level 4 in Ranged Weapons
   503 | D:2      | 503 ||| UPGRADING to +0 ring mail.
   513 | D:2      | 513 ||| DROPPING +0 leather armour.
   514 | D:2      | 514 ||| READING 3 scrolls labelled MISETO TUHUIST.
   515 | D:2      | 515 ||| READING scroll labelled PIH NEHOSUBECW.
   616 | D:2      | 616 ||| READING scroll labelled NOSALO VADYI.
   616 | D:2      | 616 ||| IDENTIFYING lumpy coppery potion
   617 | D:2      | 617 ||| DROPPING scroll of butterflies.
   618 | D:2      | 618 ||| DROPPING 2 scrolls of revelation.
   619 | D:2      | 619 ||| DROPPING potion of lignification.
   765 | D:1      | Reached skill level 1 in Armour
   768 | D:1      | Found Zuemuplo's Assorted Antiques.
   774 | D:1      | 774 ||| BUYING murky dark potion (13 gold).
   774 | D:1      | Bought a murky dark potion for 13 gold pieces
   774 | D:1      | 774 ||| SHOPLISTING peridot ring (75 gold, have 51).
   774 | D:1      | 774 ||| BUYING pink potion (13 gold).
   774 | D:1      | Bought a pink potion for 13 gold pieces
   774 | D:1      | 774 ||| BUYING scroll of identify (30 gold).
   774 | D:1      | Bought a scroll of identify for 30 gold pieces
   774 | D:1      | 774 ||| SHOPLISTING sedimented pink potion (13 gold, have
                  | 8).
   903 | D:1      | Reached XP level 4. HP: 34/34 MP: 0/0
  1207 | D:1      | 1207 ||| READING scroll of identify.
  1207 | D:1      | 1207 ||| IDENTIFYING bubbling grey potion
  1208 | D:1      | 1208 ||| READING scroll labelled OPU ZIET KUN.
  1309 | D:1      | 1309 ||| DRINKING 2 pink potions.
  1905 | D:2      | 1905 ||| UPGRADING to +6 ring of strength.
  1987 | D:3      | Found a broken altar of Ashenzari.
  2002 | D:3      | Noticed Grinder
  2003 | D:3      | 2003 ||| RETREEEEATING.
  2004 | D:3      | 2004 ||| RETREEEEATING.
  2010 | D:3      | HP: 5/34 [gnoll/+1 halberd of protection (4)]
  2010 | D:3      | Mangled by a gnoll

Levels and vault maps discovered:
D:1:      ebering_hopf_link, layout_basic, serial_shops, shop,
          dreamdust_princess_corridor
D:2:      layout_basic
D:3:      layout_basic, nicolae_hepliaklqana_monster_ancestors,
          ashenzari_altar_1, grunt_temple_overflow_growth_and_decay,
          kennysheep_generic_room_4, uniq_sigmund, uniq_grinder

Skill      XL: |  1  2  3 |
---------------+----------+-----
Ranged Weapons | 4 |  4.0
Armour         | 1 |  1.0
Fighting       | |  2.9
Dodging        | |  2.1
Stealth        | |  0.7

Action                     |  1- 3 |  4- 6 || total
---------------------------+-------+-------++-------
   Fire: Shortbow          |   108 |    22 ||   130
    Use: Scroll            |     4 |     2 ||     6
         Potion            |       |     1 ||     1
 Armour: Leather armour    |    22 |       ||    22
         Ring mail         |    10 |     5 ||    15
  Dodge: Dodged            |    40 |     3 ||    43

Table legend:
 A = Non-vault XP
 B = Vault XP
 C = Vault XP percentage of total XP
 D = Non-vault monster count
 E = Vault monster count
 F = Vault count percentage of total count
                 A         B        C        D         E       F
            +---------+---------+-------+---------+---------+-------
      Total |      85 |       0 |   0.0 |      49 |       0 |   0.0
            +---------+---------+-------+---------+---------+-------
        D:1 |      45 |       0 |   0.0 |      27 |       0 |   0.0
        D:2 |      36 |       0 |   0.0 |      20 |       0 |   0.0
        D:3 |       4 |       0 |   0.0 |       2 |       0 |   0.0
            +---------+---------+-------+---------+---------+-------
